cohdb
Replays
Latest Replays
All Replays
Popular Replays
Top Player Replays
Match Explorer
How It Works
Community
CoH3 Stats
Reddit
Sign in to upload your games and track your stats! →
Sign in with Steam
Match 38016670
Unlisted
Match 38016670
Overview
Messages
Build Orders
End
Kradschützen Motorcycle Team
Selects Armored Support Battlegroup
Panzergrenadier Squad
Panzergrenadier Squad
Construct Light Support Kompanie
MG34 Team
Fire Support Elements
Construct Mechanized Kompanie
Assault Grenadier Squad
le.IG 18 Support Gun Team
Selects Veteran Gunners
Panzergrenadier Squad
Veteran Squad Leaders
Selects Flammpanzer III Medium Tank
Flammpanzer III Medium Tank
2.5-tonne Medical Truck
Panzerpioneer Squad
Construct Panzerarmee Kommand
Pak 38 Mechanized Group
Potato eats chip
本丶杰明
花就那样红
Fururanza
Honey
khj
Zebra
qxu4269
0
0
Comments
sign in to comment!
No comments posted yet!